 Dungeon Crawl Stone Soup version 0.21.1-1-g345015fe64 (webtiles) character file.

800 Ivernyr the Covered (level 7, -4/55 HPs)
             Began as a Demonspawn Skald on Apr 28, 2018.
             Was a Follower of Nemelex Xobeh.
             Slain by an orc warrior
             ... wielding a +0 hand axe
              (13 damage)
             ... on level 6 of the Dungeon.
             The game lasted 00:13:03 (5414 turns).

Ivernyr the Covered (Demonspawn Skald)              Turns: 5414, Time: 00:13:04

Health: -4/55      AC:  8    Str: 12    XL:     7   Next: 59%
Magic:  10/10      EV: 12    Int: 14    God:    Nemelex Xobeh [*.....]
Gold:   194        SH:  0    Dex: 14    Spells: 5/10 levels left

rFire    . . .     SeeInvis .   a - +3 falchion
rCold    . . .     Gourm    .   (no shield)
rNeg     . . .     Faith    .   k - +2 animal skin
rPois    .         Spirit   .   l - +0 helmet
rElec    .         Reflect  .   (no cloak)
rCorr    .         Harm     .   q - +1 pair of gloves
MR       .....                  (no boots)
Stlth    +.........             (no amulet)
HPRegen  0.18/turn              (no ring)
MPRegen  0.12/turn              (no ring)

@: no status effects
A: rugged brown scales 1, demonic guardian 1, spiny 2
a: Renounce Religion


You were on level 6 of the Dungeon.
You worshipped Nemelex Xobeh.
Nemelex Xobeh was aware of your devotion.
You were hungry.

You visited 2 branches of the dungeon, and saw 7 of its levels.

You collected 194 gold pieces.

Inventory:

Hand Weapons
 a - a +3 falchion (weapon)
Armour
 k - a +2 animal skin (worn)
 l - a +0 helmet (worn)
 n - a +0 buckler
 q - a +1 pair of gloves (worn)
Jewellery
 A - an uncursed ring of ice {unknown}
Wands
 m - a wand of iceblast (7)
 B - a wand of acid (6)
Scrolls
 b - 2 scrolls of amnesia {unknown}
 g - 3 scrolls of remove curse {unknown}
 o - 2 scrolls of enchant weapon {unknown}
 p - 4 scrolls of identify {unknown}
 t - a scroll of immolation {unknown}
 x - a scroll of teleportation {unknown}
 E - a scroll of blinking {unknown}
Potions
 e - 3 potions of brilliance {unknown}
 f - a potion of haste {unknown}
 h - 2 potions of might {unknown}
 i - a potion of berserk rage
 j - 3 potions of flight {unknown}
 r - 2 potions of heal wounds {unknown}
 s - a potion of agility {unknown}
 u - 2 potions of degeneration {unknown}
 v - a potion of invisibility {unknown}
 z - a potion of resistance {unknown}
 C - a potion of curing {unknown}
Books
 c - a book of Battle

   Spells                             Type                      Level
   a - Infusion                       Charms                       1
   b - Shroud of Golubria             Charms/Translocation         2
   c - Song of Slaying                Charms                       2
   d - Spectral Weapon                Hexes/Charms                 3
   e - Regeneration                   Charms/Necromancy            3
 y - a book of Necromancy

   Spells                             Type                      Level
   a - Pain                           Necromancy                   1
   b - Animate Skeleton               Necromancy                   1
   c - Vampiric Draining              Necromancy                   3
   d - Regeneration                   Charms/Necromancy            3
   e - Animate Dead                   Necromancy                   4
   f - Borgnjor's Vile Clutch         Necromancy/Earth             5
Miscellaneous
 w - a plain deck of escape
Comestibles
 d - 10 rations


   Skills:
 + Level 4.2 Fighting
 + Level 3.8 Long Blades
 * Level 4.9 Armour
 - Level 1.7 Dodging
 - Level 2.0 Spellcasting
 + Level 4.3 Charms


You had 5 spell levels left.
You knew the following spells:

 Your Spells              Type           Power        Failure   Level  Hunger
a - Shroud of Golubria    Chrm/Tloc      #.........   14%         2    ###....
b - Song of Slaying       Chrm           ##......     6%          2    ###....
c - Infusion              Chrm           ##..         4%          1    ##.....


Dungeon Overview and Level Annotations

Branches:
Dungeon (6/15)             Temple (1/1) D:4

Altars:
Ashenzari
Cheibriados
Dithmenos
Elyvilon
Fedhas
Gozag
Hepliaklqana
Kikubaaqudgha
Makhleb
Nemelex Xobeh
Okawaru
Qazlal
Ru
Sif Muna
Trog
Uskayaw
Vehumet
Wu Jian
Xom
Yredelemnul
Zin
The Shining One


Innate Abilities, Weirdness & Mutations

You are partially covered in rugged brown scales. (AC +1, +3% HP)
A weak demonic guardian rushes to your aid.
You are mostly covered in sharp spines.


Message History

The orc warrior barely misses you.
You riposte.
You hit the orc warrior.
The orc warrior is severely wounded.
The gnoll hits you but does no damage.
You closely miss the orc warrior.
The orc warrior is severely wounded.
The orc warrior misses you. The gnoll is struck by your spines.
The gnoll closely misses you.
You riposte.
You hit the gnoll.
The gnoll is almost dead.
You hit the orc warrior.
The orc warrior is almost dead.
The orc warrior is struck by your spines.
The orc warrior hits you with a hand axe!
* * * LOW HITPOINT WARNING * * *
The gnoll closely misses you.
Unknown command.
You hit the orc warrior but do no damage.
The orc warrior is almost dead.
The orc warrior hits you with a hand axe!
You die...
Your body disappears without a glow.

#.#
#..
#.#
#.#
#.#
#<#
#.#
#g#
#@#
#o#
#.#
#..
###


You could see an orc warrior and a gnoll.

Vanquished Creatures
  2 centaurs
  An ogre (D:3)
  A crimson imp (D:5)
  An orc priest (D:5)
  A centaur skeleton (D:4)
  Ijyb (D:3)
  Natasha (thrice) (D:2)
  An orc wizard (D:6)
  A worker ant (D:4)
  2 hound skeletons (D:5)
  Robin (D:2)
  2 worker ant zombies (D:5)
  A gnoll (D:6)
  9 adders
  An ooze (D:1)
  6 worms
  4 dart slugs
  3 leopard geckos
  19 orcs
  A ball python (D:1)
  6 giant cockroaches
  7 hobgoblins
  4 jackals (D:4)
  4 quokkas
  8 bats
  2 frilled lizards
  A giant cockroach zombie (D:5)
  16 goblins
  A jackal skeleton (D:5)
  A jackal zombie (D:5)
  8 kobolds
  2 leopard gecko zombies (D:5)
  A quokka skeleton (D:5)
  A quokka zombie (D:5)
  9 rats
132 creatures vanquished.

Vanquished Creatures (others)
  A wizard (D:5)
1 creature vanquished.

Grand Total: 133 creatures vanquished

Notes
Turn   | Place    | Note
-------+----------+-------------------------------------------
     0 | D:1      | Ivernyr the Demonspawn Skald began the quest for the Orb.
     0 | D:1      | Reached XP level 1. HP: 16/16 MP: 3/3
     8 | D:1      | Reached skill level 1 in Armour
    25 | D:1      | Gained mutation: You are partially covered in sharp spines. [demonic ancestry]
    25 | D:1      | Reached XP level 2. HP: 8/22 MP: 5/5
   321 | D:1      | Learned a level 2 spell: Song of Slaying
   324 | D:1      | Learned a level 2 spell: Shroud of Golubria
   664 | D:1      | Gained mutation: You are partially covered in rugged brown scales. (AC +1, +3% HP) [demonic ancestry]
   664 | D:1      | Reached XP level 3. HP: 18/28 MP: 6/6
  1131 | D:2      | Noticed Natasha
  1138 | D:2      | Killed Natasha
  1333 | D:2      | Gained mutation: You are mostly covered in sharp spines. [demonic ancestry]
  1333 | D:2      | Reached XP level 4. HP: 28/35 MP: 0/7
  1411 | D:2      | Noticed Robin
  1460 | D:2      | Killed Robin
  1794 | D:2      | Found a deep blue altar of Sif Muna.
  1879 | D:2      | Noticed Natasha
  1893 | D:2      | Killed Natasha
  1893 | D:2      | Reached XP level 5. HP: 24/41 MP: 4/8
  2106 | D:2      | Noticed Natasha
  2121 | D:2      | Killed Natasha
  2349 | D:3      | Noticed Ijyb
  2370 | D:3      | Killed Ijyb
  2461 | D:3      | Noticed an ogre
  2466 | D:3      | Killed an ogre
  2466 | D:3      | Reached XP level 6. HP: 48/48 MP: 6/9
  2797 | D:3      | Found a hide-covered altar of Uskayaw.
  2800 | D:3      | Found a blossoming altar of Fedhas.
  2800 | D:3      | Found a basalt altar of Yredelemnul.
  2823 | D:3      | Found a shadowy altar of Dithmenos.
  3085 | D:4      | Found a staircase to the Ecumenical Temple.
  3148 | Temple   | Entered the Ecumenical Temple
  3249 | Temple   | Became a worshipper of Nemelex Xobeh the Trickster
  3378 | D:4      | Received a gift from Nemelex Xobeh
  3849 | D:4      | Gained mutation: A weak demonic guardian rushes to your aid. [demonic ancestry]
  3849 | D:4      | Reached XP level 7. HP: 45/54 MP: 10/10
  4354 | D:5      | Entered Level 5 of the Dungeon
  4427 | D:5      | Reached * piety under Nemelex Xobeh
  5098 | D:5      | Found a bloodstained altar of Trog.
  5101 | D:5      | Noticed a wizard
  5106 | D:5      | Killed a wizard
  5414 | D:6      | Slain by an orc warrior

Skill      XL: |  1  2  3  4  5  6  7 |
---------------+----------------------+-----
Armour         | 1 2 3 4 |  4.9
Long Blades    | 2 3 |  3.8
Charms         | 3 4 |  4.3
Fighting       | 3 4 |  4.2
Dodging        | |  1.7
Spellcasting   | |  2.0

Action                   |  1- 3 |  4- 6 |  7- 9 || total
-------------------------+-------+-------+-------++-------
Melee: Falchion          |    73 |   162 |    69 ||   304
 Cast: Shroud of Golubri |     5 |    19 |       ||    24
       Song of Slaying   |     1 |     3 |       ||     4
Evoke: Wand              |       |     2 |       ||     2
 Stab: Sleeping          |     1 |     1 |       ||     2
  Eat: Chunk             |       |    11 |     5 ||    16
Armor: Leather armour    |    17 |     9 |       ||    26
       Animal skin       |       |    44 |    20 ||    64
Dodge: Dodged            |    33 |   111 |    46 ||   190
       Rpst.: Falchion   |     9 |    39 |    16 ||    64
